 Dungeon Crawl Stone Soup version 0.28.0-45-g0d030f2227 (webtiles) character file.

Game seed: 18014955375767173614

95139 CryoSword the Carver (level 15, -8/119 HPs)
             Began as a Demonspawn Venom Mage on Mar 29, 2022.
             Was the Champion of Dithmenos.
             Mangled by a vault guard
             ... wielding a +0 great mace
              (22 damage)
             ... on level 15 of the Dungeon.
             The game lasted 00:56:39 (33375 turns).

CryoSword the Carver (Demonspawn Venom Mage)       Turns: 33375, Time: 00:56:40

Health: -8/119     AC: 19    Str: 20    XL:     15   Next: 65%
Magic:  20/22      EV: 10    Int: 18    God:    Dithmenos [******]
Gold:   644        SH: 22    Dex: 20    Spells: 11/23 levels left

rFire   . . .      SeeInvis +   w - +4 double sword (flame)
rCold   . . .      Faith    .   r - +5 kite shield
rNeg    . . .      Spirit   .   R - +3 ring mail of Sophism {rElec Str+6}
rPois   .          Reflect  +   (helmet unavailable)
rElec   +          Harm     .   (cloak unavailable)
rCorr   .          Rampage  .   V - +2 pair of gloves {infuse}
Will    +....                   E - +2 pair of boots
Stlth   +++++.....              G - amulet of reflection
HPRegen 0.29/turn               N - +4 ring of protection
MPRegen 0.18/turn               k - +6 ring of dexterity

@: lethally poisoned (-8 -> -16), slowed, wreathed by umbra, very slow
A: antennae 3, claws 2, ignite blood 1, spiny 3, weakness stinger 3
a: Renounce Religion, Shadow Step, Shadow Form


You were on level 15 of the Dungeon.
You worshipped Dithmenos.
Dithmenos was exalted by your worship.
You visited 4 branches of the dungeon, and saw 23 of its levels.

You collected 1893 gold pieces.
You spent 1249 gold pieces at shops.

Inventory:

Hand Weapons
 w - a +4 double sword of flaming (weapon)
   (You found it on level 3 of the Dungeon)
Missiles
 c - 3 throwing nets
 e - 15 boomerangs
 i - 44 poisoned darts
 q - 5 boomerangs of dispersal {!f}
 A - 3 silver boomerangs
 M - 4 curare-tipped darts
Armour
 f - a +1 scale mail of poison resistance
   (You took it off an orc on level 5 of the Dungeon)
 r - a +5 kite shield (worn)
   (You found it on level 2 of the Lair of Beasts)
 E - a +2 pair of boots (worn)
   (You found it on level 6 of the Dungeon)
 R - the +3 ring mail of Sophism (worn) {rElec Str+6}
   (You found it on level 1 of the Lair of Beasts)

   Str:       It affects your strength (+6).
   rElec:     It insulates you from electricity.
 V - a +2 pair of gloves of infusion (worn)
   (You found it on level 6 of the Lair of Beasts)
Magical Staves
 x - a staff of poison
   (You found it on level 4 of the Dungeon)
Jewellery
 k - a +6 ring of dexterity (right hand)
   (You found it on level 2 of the Dungeon)
 m - a ring of protection from fire
   (You found it on level 3 of the Dungeon)
 t - a ring of protection from cold
   (You found it on level 3 of the Dungeon)
 G - an amulet of reflection (around neck)
   (You found it on level 7 of the Dungeon)
 L - the ring of Vuvosh {Fly rC+}
   (You found it on level 8 of the Dungeon)

   [ring of flight]

   rC:        It protects you from cold.
   Fly:       It grants you flight.
 N - a +4 ring of protection (left hand)
   (You found it on level 9 of the Dungeon)
 Q - a ring of wizardry
   (You found it on level 9 of the Dungeon)
 X - a +6 ring of strength
   (You found it on level 12 of the Dungeon)
Wands
 v - a wand of iceblast (8)
   (You found it on level 8 of the Dungeon)
 K - a wand of acid (20) (quivered)
   (You found it on level 8 of the Dungeon)
 W - a wand of flame (22)
   (You found it on level 6 of the Lair of Beasts)
Scrolls
 h - 4 scrolls of magic mapping
 l - 10 scrolls of teleportation {@r4}
 n - 11 scrolls of identify {@r1}
 o - a scroll of enchant weapon
 D - a scroll of fear
 F - a scroll of fog
 H - 3 scrolls of blinking
 J - 3 scrolls of immolation {!r}
Potions
 a - 2 potions of resistance
 b - a potion of haste {unknown}
 g - 2 potions of ambrosia
 j - 11 potions of curing {@q1}
 p - 3 potions of mutation {!q}
 s - 2 potions of might
 u - 4 potions of lignification {!q}
 B - 4 potions of cancellation
 I - 3 potions of flight
 O - 6 potions of brilliance
 P - 4 potions of attraction {!q}
 S - 4 potions of heal wounds {@q2}
 T - a potion of magic
Miscellaneous
 y - a box of beasts
   (You found it on level 4 of the Dungeon)


   Skills:
 + Level 11.6 Fighting
 * Level 14.8 Long Blades
 - Level 6.0 Armour
 - Level 2.3 Dodging
 - Level 7.0 Stealth
 + Level 9.4 Shields
 + Level 4.7 Spellcasting
 - Level 4.2 Conjurations
 + Level 6.5 Transmutations
 - Level 2.0 Air Magic
 + Level 10.7 Poison Magic
 + Level 8.7 Invocations


You had 11 spell levels left.
You knew the following spells:

 Your Spells              Type           Power      Damage    Failure   Level
a - Sting                 Tmut/Pois      100%       1d8       1%          1
b - Poisonous Vapours     Pois/Air       54%        N/A       5%          2
c - Olgreb's Toxic Radia  Pois           43%        N/A       6%          4
d - Wereblood             Tmut           27%        N/A       5%          2
C - Mephitic Cloud        Conj/Pois/Air  24%        N/A       14%         3

Your spell library contained the following spells:

 Spells                   Type           Power      Damage    Failure   Level
 Beastly Appendage        Tmut           54%        N/A       3%          1
 Spider Form              Tmut/Pois      35%        N/A       4%          3
 Shock                    Conj/Air       60%        1d6       14%         1
 Foxfire                  Conj/Fire      44%        2x1d6     22%         1
 Animate Skeleton         Necr           8%         N/A       45%         1
 Freeze                   Ice            16%        1d4       45%         1
 Conjure Flame            Conj/Fire      11%        6-21      54%         3
 Dazzling Flash           Conj/Hex       22%        N/A       54%         3
 Swiftness                Air            11%        N/A       54%         3
 Scorch                   Fire           8%         2d5       58%         2
 Frozen Ramparts          Ice            8%         1d2       83%         3
 Inner Flame              Hex/Fire       4%         N/A       83%         3
 Vampiric Draining        Necr           4%         2d6       83%         3
 Airstrike                Air            5%         N/A       91%         4
 Flame Wave               Conj/Fire      11%        2d5       91%         4
 Hailstorm                Conj/Ice       11%        3d5       91%         4
 Animate Dead             Necr           2%         N/A       99%         4
 Agony                    Necr           4%         N/A       100%        5
 Borgnjor's Vile Clutch   Necr/Erth      2%         N/A       100%        5
 Silence                  Hex/Air        3%         N/A       100%        5
 Death Channel            Necr           2%         N/A       100%        6
 Summon Cactus Giant      Summ           2%         N/A       100%        6
 Necromutation            Tmut/Necr      7%         N/A       100%        8


Dungeon Overview and Level Annotations

Branches:
Dungeon (15/15)            Temple (1/1) D:5            Lair (6/6) D:10
 Shoals (0/4) Lair:4       Spider (0/4) Lair:2        Slime (1/5) Lair:5
    Orc (0/2) D:10         Vaults (0/5) D:13         Depths (0/4) D:15

Altars:
Ashenzari
Cheibriados
Dithmenos
Fedhas
Hepliaklqana
Kikubaaqudgha
Makhleb
Okawaru
Qazlal
Ru
Sif Muna
Vehumet
Wu Jian
Xom
Yredelemnul
Zin
Jiyva
Lugonu

Shops:
D:3 ?   D:6 =   D:9 !   D:10 ?   D:11 (

Portals:
Abyss: Lair:6

Annotations:
D:5 2 runed translucent doors, kthxbai's ghost, amateur BaSu
D:6 2 transporters, Peloso's ghost, novice MiFi
D:8 2 transporters, exclusion: oklob plant, Ablot's ghost, novice GnWr
D:13 1 runed translucent door
D:15 2 transporters
Lair:5 1 runed translucent door, doomsgape's ghost, journeyman DrCj


Innate Abilities, Weirdness & Mutations

You have a pair of large antennae on your head. (SInv)
You have very sharp fingernails.
Your demonic aura sometimes causes spilled blood to erupt in flames.
You are completely covered in sharp spines.
You have a sharp stinger which inflicts weakening toxins.


Message History

You miss the jumping spider.
Your shadow hits the jumping spider with a double sword.
The jumping spider pounces on you. You block the jumping spider's attack.
The jumping spider is struck by your spines.
The jumping spider pounces on you. The jumping spider barely misses you.
You hit the jumping spider. You burn the jumping spider.
Your shadow hits the jumping spider with a double sword.
You kill the jumping spider!
Dithmenos accepts your kill.
The helpless manticore fails to defend itself.
You hit the manticore. You burn the manticore. You slice the manticore!!
You burn the manticore! You tail-slap the manticore.
The manticore looks weaker.
Your shadow hits the manticore with a double sword.
The manticore is engulfed in blazing flames.
You kill the manticore!
Dithmenos accepts your kill. The phantasmal warrior gestures at you.
The phantasmal warrior blinks!
You closely miss the phantasmal warrior.
Your tail-slap misses the phantasmal warrior.
You block the phantasmal warrior's attack.
You barely miss the phantasmal warrior.
You block the phantasmal warrior's attack.
You barely miss the phantasmal warrior.
Your shadow hits the phantasmal warrior with a double sword.
You block the phantasmal warrior's attack.
You hit the phantasmal warrior but do no damage.
Your shadow hits the phantasmal warrior with a double sword.
You closely miss the phantasmal warrior.
The phantasmal warrior is struck by your spines.
The phantasmal warrior closely misses you.
You slash the phantasmal warrior! You burn the phantasmal warrior.
The phantasmal warrior is struck by your spines.
The phantasmal warrior misses you.
You hit the phantasmal warrior. You burn the phantasmal warrior.
Your shadow hits the phantasmal warrior with a double sword.
You block the phantasmal warrior's attack.
You closely miss the phantasmal warrior.
Your shadow hits the phantasmal warrior but does no damage.
You block the phantasmal warrior's attack.
You slice the phantasmal warrior!! You burn the phantasmal warrior.
You destroy the phantasmal warrior!
Dithmenos accepts your kill.
No target in view!
W - a wand of flame (22) (gained 6 charges)
You now have 637 gold pieces (gained 160).
Could not explore, unopened door.
Could not explore, unopened door.
You open the door.
You sense a monster nearby.
There is an open door here.
Could not explore, unopened door.
You open the door.
A deep troll shaman comes into view.
Found 7 gold pieces and a wand of iceblast (2).
Found a staircase to the Depths.
A deep troll shaman is nearby!
A deep troll shaman is nearby!
There is an open door here.
The helpless deep troll shaman fails to defend itself.
You slash the deep troll shaman! You burn the deep troll shaman.
The deep troll shaman is engulfed in blazing flames.
The deep troll shaman bites you but does no damage.
You block the deep troll shaman's attack. x2
You barely miss the deep troll shaman. You tail-slap the deep troll shaman.
The deep troll shaman looks weaker.
The deep troll shaman is engulfed in blazing flames.
The deep troll shaman is struck by your spines.
The deep troll shaman barely misses you.
You block the deep troll shaman's attack.
The deep troll shaman claws you but does no damage.
You closely miss the deep troll shaman. You tail-slap the deep troll shaman.
The deep troll shaman is engulfed in blazing flames.
You kill the deep troll shaman!
Dithmenos accepts your kill.
Training target 6.0 for Armour reached!
Your Armour skill increases to level 6!
No target in view!
Found a transporter.
You now have 644 gold pieces (gained 7).
There is a staircase to the Depths here.
v - a wand of iceblast (8) (gained 2 charges)
You sense a monster nearby.
Could not explore, unopened door.
Could not explore, unopened door.
You open the door.
A guardian serpent comes into view.
There is an open door here.
A guardian serpent is nearby!
A guardian serpent is nearby!
A vault guard comes into view. It is wielding a +0 great mace.
The centaur warrior shouts!
The centaur warrior shoots an arrow.
You reflect the arrow off an invisible shield around you!
The arrow hits the centaur warrior!!
The centaur warrior shoots an arrow.
The arrow hits you.
The guardian serpent shouts!
You block the vault guard's attack.
You closely miss the vault guard. You block the vault guard's attack.
The guardian serpent casts a spell at you.
The bolt of poison hits you.
You are poisoned.
You slash the centaur warrior! You burn the centaur warrior.
You feel very sick.
The centaur warrior unwields a +0 shortbow.
You block the centaur warrior's attack. x2
You block the guardian serpent's attack.
You block the vault guard's attack.
You slice the centaur warrior!! You burn the centaur warrior.
You kill the centaur warrior!
Dithmenos accepts your kill.
You feel very sick.
The guardian serpent casts a spell at you.
The bolt of poison hits you!
You are more poisoned.
You closely miss the guardian serpent.
You feel very sick.
You block the guardian serpent's attack.
The vault guard hits you but does no damage.
You slash the guardian serpent! You burn the guardian serpent.
You tail-slap the guardian serpent!
The guardian serpent looks weaker.
Your shadow closely misses the guardian serpent.
You feel very sick.
The guardian serpent is engulfed in blazing flames.
The guardian serpent coils itself and waves its upper body at you.
You feel yourself slow down.
The vault guard hits you with a +0 great mace!!
The guardian serpent is engulfed in blazing flames.
You block the guardian serpent's attack.
You are too injured to fight recklessly!
You are too injured to fight recklessly!
Unknown command.
You are too injured to fight recklessly!
You closely miss the guardian serpent. You tail-slap the guardian serpent!
You feel very sick.
The guardian serpent is engulfed in blazing flames.
You kill the guardian serpent!
Dithmenos accepts your kill.
The vault guard hits you with a +0 great mace.
* * * LOW HITPOINT WARNING * * *
You barely miss the vault guard.
You feel very sick. You block the vault guard's attack.
The fire dragon breathes flames at you. The blast of flame hits you!!!
* * * LOW HITPOINT WARNING * * *
You emit a cloud of dark smoke.
The vault guard hits you with a +0 great mace!!
You die...

..#.......#+##
#............#......#
+.......#...........+
#...........#.......####
.......#................
...#.......#......#.....
..#...#........§°°.#....
..........#....§@p......
.................).....≈
#.......#'#'#......^.#.≈
.......##...##........#
...#'###.....###+#.D...#
..##..†#.....#c..##.....
..'....##.>.##..<.+.....
..#....###©###!.D.##+#..
#'###[.#######<(# {


You could see a fire dragon (catching breath) and a vault guard.

Vanquished Creatures
  Rupert (D:15)
  A stone giant (D:15)
  Nessos (Lair:6)
  Snorg (D:14)
  Josephine (Lair:6)
  3 vault guards
  8 hydras
  Harold (Lair:1)
  5 boulder beetles
  Erica (D:8)
  2 ogre magi
  7 centaur warriors
  A catoblepas (Lair:5)
  9 death yaks
  A two-headed ogre (D:13)
  A deep troll shaman (D:15)
  4 thrashing horrors (Lair:6)
  9 skeletal warriors (D:14)
  Pikel (D:8)
  A wizard (D:13)
  A phantasmal warrior (D:15)
  3 necromancers (D:13)
  The ghost of duchin the Summoner, a novice FeSu of Gozag (D:11)
  8 cyclopes
  3 deep elf pyromancers
  6 ugly things
  6 centaur zombies
  3 manticores
  2 guardian serpents (D:15)
  3 smoke demons (Lair:6)
  10 elephants
  8 cane toads
  An unseen horror (D:10)
  4 black mambas
  Maggie (Lair:1)
  A yaktaur (D:10)
  3 rime drakes
  12 komodo dragons
  A kobold demonologist (D:12)
  4 trolls
  2 ancient zymes (Lair:6)
  A hornet (D:6)
  32 blink frogs
  A jumping spider (shapeshifter) (D:15)
  14 slime creatures
  A meliai zombie (D:11)
  3 spriggans
  6 culicivoras (Lair:2)
  2 vampires
  3 shadows
  9 wraiths
  2 ynoxinuls (Lair:6)
  7 wyverns
  9 basilisks
  18 humans (D:13)
  35 yaks
  2 chaos spawn (Lair:6)
  3 vampire mosquitoes (D:13)
  5 steam dragons
  3 acid dragons
  2 large abominations (Lair:6)
  12 water moccasins
  A floating eye (D:15)
  12 orc warriors
  A hornet zombie (D:7)
  3 ice beasts
  A necrophage (D:14)
  9 centaurs
  A boggart (D:10)
  An ogre (D:6)
  2 lemures (D:8)
  4 phantoms
  3 kobold brigands
  20 bullfrogs
  A wyvern zombie (D:8)
  3 scorpions
  9 small abominations (Lair:6)
  3 killer bees
  13 wights
  3 howler monkeys
  7 electric eels
  A bullfrog zombie (D:6)
  A crimson imp (D:14)
  5 orc priests
  2 hounds (D:7)
  A bullfrog skeleton (D:7)
  2 gnoll shamans
  2 centaur skeletons
  11 iguanas
  16 orc wizards
  2 killer bee zombies
  10 gnolls
  2 howler monkey skeletons
  6 adders
  2 shadow imps
  2 white imps (D:8)
  An ufetubus (D:2)
  An adder zombie (D:4)
  An adder skeleton (D:4)
  2 worms
  2 dart slugs
  69 orcs
  5 bats
  7 endoplasms
  3 giant cockroaches
  5 goblins
  5 hobgoblins
  3 jackals (D:1)
  4 quokkas
  4 ball pythons
  A frilled lizard (D:1)
  12 kobolds
  4 rats
603 creatures vanquished.

Vanquished Creatures (collateral kills)
  2 centaurs (D:8)
2 creatures vanquished.

Vanquished Creatures (others)
  A spriggan (D:14)
  39 fungi
  47 plants
87 creatures vanquished.

Grand Total: 692 creatures vanquished

Notes
Turn   | Place    | Note
-------+----------+-------------------------------------------
     0 | D:1      | CryoSword the Demonspawn Venom Mage began the quest for the
                  | Orb.
     0 | D:1      | Reached XP level 1. HP: 13/13 MP: 3/3
    17 | D:1      | Reached skill level 1 in Transmutations
   379 | D:1      | You fall into a shaft and drop 1 floor!
   416 | D:2      | Gained mutation: Your demonic aura sometimes causes spilled
                  | blood to erupt in flames. [demonic ancestry]
   416 | D:2      | Reached XP level 2. HP: 20/20 MP: 1/5
   473 | D:2      | Learned a level 2 spell: Poisonous Vapours
  1226 | D:2      | Gained mutation: You are partially covered in sharp spines.
                  | [demonic ancestry]
  1226 | D:2      | Reached XP level 3. HP: 17/25 MP: 0/6
  1435 | D:2      | Reached skill level 1 in Fighting
  1843 | D:3      | Found Xeolat's Magic Scroll Boutique.
  1857 | D:3      | Bought a scroll of identify for 20 gold pieces
  1857 | D:3      | Bought a scroll of enchant armour for 75 gold pieces
  1857 | D:3      | Bought a scroll of teleportation for 30 gold pieces
  1861 | D:3      | Learned a level 3 spell: Mephitic Cloud
  1912 | D:3      | Found a faded altar of an unknown god.
  1939 | D:3      | Discovered your monstrous ancestry.
  1939 | D:3      | Gained mutation: You have a small tail. [demonic ancestry]
  1939 | D:3      | Reached XP level 4. HP: 32/32 MP: 1/7
  2671 | D:3      | Found a snail-covered altar of Cheibriados.
  2937 | D:4      | Reached skill level 1 in Long Blades
  2969 | D:4      | Gained mutation: You are mostly covered in sharp spines.
                  | [demonic ancestry]
  2969 | D:4      | Reached XP level 5. HP: 37/37 MP: 8/8
  3093 | D:4      | Noticed a phantom
  3100 | D:4      | Killed a phantom
  3101 | D:4      | Reached skill level 3 in Long Blades
  3325 | D:4      | Found a large runed translucent door.
  3364 | D:4      | Noticed a phantom
  3370 | D:4      | Killed a phantom
  3371 | D:4      | Reached XP level 6. HP: 39/43 MP: 9/9
  3732 | D:4      | Found a large runed translucent door.
  3732 | D:4      | Found a large runed translucent door.
  3744 | D:4      | Found a large runed translucent door.
  3906 | D:4      | Reached skill level 4 in Long Blades
  4327 | D:5      | Entered Level 5 of the Dungeon
  4357 | D:5      | Noticed an ice beast
  4481 | D:5      | Reached skill level 5 in Long Blades
  4508 | D:5      | Identified the +6 dagger "Kiceijot" {vorpal, Will- Str+10
                  | Int+4}
  4517 | D:5      | Gained mutation: You have a pair of small antennae on your
                  | head. [demonic ancestry]
  4517 | D:5      | Reached XP level 7. HP: 38/49 MP: 10/10
  4938 | D:5      | Noticed a wraith
  4955 | D:5      | Killed a wraith
  4965 | D:5      | Reached skill level 6 in Long Blades
  5182 | D:5      | Found a staircase to the Ecumenical Temple.
  5188 | D:5      | Found a large runed translucent door.
  5188 | D:5      | Found a large runed translucent door.
  5193 | D:5      | Gained mutation: You are completely covered in sharp
                  | spines. [demonic ancestry]
  5193 | D:5      | Reached XP level 8. HP: 29/61 MP: 11/11
  5255 | Temple   | Entered the Ecumenical Temple
  5364 | Temple   | Became a worshipper of Dithmenos the Shadowed
  5570 | D:3      | Bought a scroll of enchant weapon for 75 gold pieces
  5696 | D:5      | Noticed kthxbai's ghost (amateur BaSu)
  5842 | D:6      | Reached skill level 5 in Fighting
  5867 | D:6      | Found a transporter.
  5881 | D:6      | Noticed Peloso's ghost (novice MiFi)
  5891 | D:6      | Found a transporter.
  5939 | D:6      | Reached skill level 7 in Long Blades
  6129 | D:6      | Found a radiant altar of Vehumet.
  6265 | D:6      | Noticed a hornet
  6270 | D:6      | Killed a hornet
  6271 | D:6      | Reached skill level 1 in Shields
  6469 | D:6      | Found Oroiseorr's Jewellery Boutique.
  6897 | D:7      | Gained mutation: You have a pair of antennae on your head.
                  | [demonic ancestry]
  6897 | D:7      | Reached XP level 9. HP: 69/69 MP: 12/12
  6898 | D:7      | Found an ancient bone altar of Kikubaaqudgha.
  6908 | D:7      | Reached skill level 8 in Long Blades
  7191 | D:7      | Noticed a cyclops
  7199 | D:7      | Killed a cyclops
  7200 | D:7      | Reached skill level 1 in Conjurations
  7200 | D:7      | Reached skill level 1 in Air Magic
  7200 | D:7      | Reached * piety under Dithmenos
  7809 | D:8      | Noticed Erica
  7818 | D:8      | Killed Erica
  8087 | D:8      | Found a transporter.
  8102 | D:8      | Found a transporter.
  8103 | D:8      | Noticed a two-headed ogre
  8103 | D:8      | Noticed an oklob plant
  8104 | D:8      | Noticed a centaur warrior
  8201 | D:8      | Gained mutation: You have a pair of large antennae on your
                  | head. (SInv) [demonic ancestry]
  8201 | D:8      | Reached XP level 10. HP: 53/77 MP: 13/13
  8322 | D:8      | Found a shimmering blue altar of Sif Muna.
  8389 | D:8      | Noticed Ablot's ghost (novice GnWr)
  8461 | D:8      | Reached skill level 5 in Poison Magic
  8477 | D:8      | Reached skill level 9 in Long Blades
  8637 | D:8      | Noticed a deep elf pyromancer
  8639 | D:8      | Killed a deep elf pyromancer
  8642 | D:8      | Reached ** piety under Dithmenos
  8646 | D:8      | Identified the ring of Vuvosh {Fly rC+}
  9025 | D:8      | Noticed Pikel
  9029 | D:8      | Killed Pikel
  9516 | D:9      | Found a basalt altar of Yredelemnul.
  9539 | D:9      | Found Hibugyfe's Distillery.
  9609 | D:9      | Identified the +1 flail of Eternal Vigilance {vorpal, rElec
                  | rF- MP+9 Dex+7}
  9868 | D:3      | Bought a scroll of enchant armour for 75 gold pieces
  9868 | D:3      | Bought a scroll of fear for 35 gold pieces
  9868 | D:3      | Bought a scroll of vulnerability for 75 gold pieces
  9986 | D:9      | Found a burning altar of Makhleb.
  9986 | D:9      | Noticed a green death
 10023 | D:9      | Found an ornate altar of the Wu Jian Council.
 10056 | D:9      | Bought a potion of brilliance for 52 gold pieces
 10056 | D:9      | Bought a potion of attraction for 39 gold pieces
 10056 | D:9      | Bought a potion of lignification for 39 gold pieces
 10427 | D:9      | Reached skill level 5 in Stealth
 10708 | D:10     | Entered Level 10 of the Dungeon
 10739 | D:10     | Gained mutation: You have sharp fingernails. [demonic
                  | ancestry]
 10739 | D:10     | Reached XP level 11. HP: 66/85 MP: 14/14
 10856 | D:10     | Found a blossoming altar of Fedhas.
 10939 | D:10     | Found Qipeist's Magic Scroll Shop.
 10978 | D:10     | Reached skill level 10 in Long Blades
 11195 | D:10     | Reached *** piety under Dithmenos
 11217 | D:10     | Found a staircase to the Orcish Mines.
 11463 | D:10     | Reached skill level 5 in Shields
 11723 | D:10     | Found a shimmering altar of Xom.
 11794 | D:10     | Found a staircase to the Lair.
 12208 | D:10     | Noticed a centaur warrior
 12214 | D:10     | Noticed an ogre mage
 12219 | D:10     | Killed a centaur warrior
 12236 | D:10     | Killed an ogre mage
 12568 | D:10     | Reached skill level 11 in Long Blades
 12593 | D:10     | Reached **** piety under Dithmenos
 12599 | D:10     | Noticed a centaur warrior
 12618 | D:10     | Killed a centaur warrior
 13083 | D:10     | Gained mutation: You have very sharp fingernails. [demonic
                  | ancestry]
 13083 | D:10     | Reached XP level 12. HP: 74/94 MP: 16/16
 13119 | D:10     | Noticed an eight-headed hydra
 13129 | D:10     | Killed a five-headed hydra
 13460 | D:10     | Bought a scroll of amnesia for 45 gold pieces
 13460 | D:10     | Bought a scroll of identify for 26 gold pieces
 13460 | D:10     | Bought a scroll of identify for 26 gold pieces
 14809 | Lair:1   | Entered Level 1 of the Lair of Beasts
 14816 | Lair:1   | Noticed Harold
 14831 | Lair:1   | Killed Harold
 15558 | Lair:1   | Identified the +3 ring mail of Sophism {rElec Str+6}
 15656 | Lair:1   | Noticed Maggie
 15664 | Lair:1   | Killed Maggie
 16281 | Lair:2   | Noticed a six-headed hydra
 16306 | Lair:2   | Killed a four-headed hydra
 16307 | Lair:2   | Reached skill level 12 in Long Blades
 16777 | Lair:2   | Learned a level 4 spell: Olgreb's Toxic Radiance
 16838 | Lair:2   | Noticed a death yak
 16839 | Lair:2   | Noticed a death yak
 16839 | Lair:2   | Noticed a death yak
 16839 | Lair:2   | Noticed a death yak
 16840 | Lair:2   | Noticed a death yak
 16860 | Lair:2   | Killed a death yak
 16885 | Lair:1   | Killed a death yak
 16886 | Lair:1   | Reached skill level 1 in Invocations
 17325 | Lair:2   | Reached skill level 1 in Armour
 17895 | Lair:2   | Found a hole to the Spider Nest.
 18414 | Lair:3   | Reached XP level 13. HP: 102/102 MP: 17/17
 19664 | D:10     | Bought a scroll of brand weapon for 260 gold pieces
 19719 | D:9      | Bought a potion of heal wounds for 65 gold pieces
 20182 | Lair:4   | Reached ***** piety under Dithmenos
 20484 | Lair:4   | Reached skill level 10 in Fighting
 21080 | Lair:4   | Found a staircase to the Shoals.
 21373 | Lair:5   | Found a viscous altar of Jiyva.
 21373 | Lair:5   | Found a staircase to the Slime Pits.
 22043 | Lair:5   | Found a runed translucent door.
 22082 | Lair:5   | Reached skill level 13 in Long Blades
 22414 | Lair:5   | Identified the amulet "Mejoem" {Spirit Rampage +Blink Dex-5
                  | Stlth+}
 22504 | Lair:5   | Noticed doomsgape's ghost (journeyman DrCj)
 22723 | Lair:6   | Entered Level 6 of the Lair of Beasts
 22773 | Lair:6   | Noticed Josephine
 22858 | Lair:6   | Killed Josephine
 23044 | Lair:5   | Reached skill level 5 in Invocations
 23601 | Slime:1  | Entered Level 1 of the Pits of Slime
 23601 | Slime:1  | Noticed an acid blob
 23669 | Lair:6   | Noticed Nessos
 23959 | Lair:5   | Gained mutation: You have a tail ending in a sharp stinger.
                  | [demonic ancestry]
 23959 | Lair:5   | Reached XP level 14. HP: 88/111 MP: 18/18
 24232 | Lair:6   | Upgraded the game from 0.28.0-43-g3370ac3207 to
                  | 0.28.0-45-g0d030f2227
 24929 | Lair:6   | Killed Nessos
 25495 | Lair:6   | Reached skill level 5 in Transmutations
 26797 | D:9      | Bought a potion of heal wounds for 65 gold pieces
 26797 | D:9      | Bought 2 potions of cancellation for 208 gold pieces
 26797 | D:9      | Bought a potion of curing for 39 gold pieces
 27544 | Lair:6   | Reached skill level 10 in Poison Magic
 27548 | Lair:6   | Found a corrupted altar of Lugonu.
 27548 | Lair:6   | Found a one-way gate to the infinite horrors of the Abyss.
 27582 | Lair:6   | Learned a level 2 spell: Wereblood
 28023 | D:12     | Reached skill level 14 in Long Blades
 28704 | D:11     | Found Socsuups's Antique Weapon Shop.
 28729 | D:11     | Found a runed translucent gate.
 28729 | D:11     | Found a runed translucent gate.
 28729 | D:11     | Found a runed translucent gate.
 28729 | D:11     | Noticed duchin's ghost (novice FeSu)
 28732 | D:11     | Found a basalt altar of Yredelemnul.
 28763 | D:11     | Killed duchin's ghost
 29448 | D:13     | Reached skill level 5 in Armour
 29612 | D:13     | Noticed a tengu reaver
 29612 | D:13     | Noticed a shadow dragon
 29612 | D:13     | Noticed a frost giant
 29613 | D:13     | Found a runed translucent door.
 29615 | D:13     | Noticed a sphinx
 29765 | D:13     | Reached ****** piety under Dithmenos
 29910 | D:13     | Identified the +10 flail "Blob" {flame, Dex+2}
 30238 | D:13     | Got Ohenik's Incunabulum of Evil Rituals
 30390 | D:13     | Found a gate to the Vaults.
 30402 | D:13     | Gained mutation: You have a sharp stinger which inflicts
                  | weakening toxins. [demonic ancestry]
 30402 | D:13     | Reached XP level 15. HP: 110/118 MP: 17/20
 30519 | D:13     | Noticed a frost giant
 30519 | D:13     | Noticed a quicksilver dragon
 30519 | D:13     | a frost giant changed into a quicksilver dragon
 32428 | D:14     | Noticed Snorg
 32439 | D:14     | Killed Snorg
 32675 | D:15     | Entered Level 15 of the Dungeon
 32850 | D:15     | Noticed Rupert
 32935 | D:15     | Found a transporter.
 32946 | D:15     | Identified the ring "Qirerat" {Contam rPois Str+6 Int+4
                  | Dex+4}
 33024 | D:15     | Killed Rupert
 33265 | D:15     | Identified the ring of the Death Scarab {rElec rC- rN+
                  | Will++ SInv}
 33343 | D:15     | Found a staircase to the Depths.
 33352 | D:15     | Found a transporter.
 33375 | D:15     | Mangled by a vault guard

Illustrated notes

Levels and vault maps discovered:
D:1:      shiori_arrival_oz, layout_basic
D:2:      cheibrodos_old_hovel, layout_loops_ring, basic_altar
D:3:      layout_rooms, slow_altar_2, shapermc_ecumenical_altar_mp_ritualfount,
          serial_shops, nicolae_shop_advertising_works
          [nicolae_subvault_shop_adworks]
D:4:      layout_layer_cave, st_stairs_11, minmay_hollow_rounded_squares
D:5:      layout_cave_pools, minmay_temple_entry_drinking_statues,
          ebering_ghost_disaster_area, chequers_serial_rivers_small_b
D:6:      layout_loops_ring, vehumet_crystals, gammafunk_ghost_stat_death,
          serial_shops, nicolae_shop_window_shopping
D:7:      layout_loops_corners, old_standard_altar, nicolae_fountain_basement
D:8:      kennysheep_windowed_halls, layout_basic, kennysheep_orc_sif_temple,
          nzn_ghost_randoct, st_stairs_7, uniq_pikel, uniq_erica
D:9:      layout_layer_cave, mainiacjoe_overflow_tiny_flanked,
          makhleb_altar_promises_db, mainiacjoe_overflow_alcove_2, serial_shops,
          nicolae_shop_trees
D:10:     minmay_quarter_circles, layout_long_grid, brannock_xom_greatest_gift,
          fedhas_bush_and_centaur_altar, grunt_lair_entry_orc_guard_hut,
          hiddenorc2_lemuel, serial_shops, shop_scrolls
D:11:     layout_basic, serial_shops, nicolae_shop_competitors_out_of_business,
          nicolae_yredelemnul_ghost_church
D:12:     layout_loops_cross
D:13:     minmay_gate_of_8, layout_irregular_city, grunt_vaults_entry_tiered
D:14:     layout_loops_ring, nicolae_elevator_lobby_asterisk, nrook_uturn,
          hangedman_decor_slide_cut, grunt_ministairs_14, hangedman_stone_soup,
          uniq_snorg
D:15:     hangedman_spin_cycle, uniq_rupert
Temple:   dshaligram_water_room_temple
Lair:1:   beast_lair_carwin_large_1, layout_gridlike, grunt_megastairs_2,
          uniq_maggie, uniq_harold
Lair:2:   layout_regular_city, hellmonk_spider_entry_life_and_decay,
          beast_lair_carwin_6, serial_bayou_shore_b, infiniplex_staircase_pool_2
Lair:3:   layout_concentric_octagons, chequers_serial_rivers_micro_c,
          hibernation_bobbens
Lair:4:   layout_long_grid, elwin_shoals_entry_rooms
Lair:5:   layout_cave_pods, slime_altar_1, ebering_ghost_reflecting_pool,
          grunt_forest_large_clearing_hut
Lair:6:   hellmonk_lair_end_abyssal_woods, layout_loops_ring,
          chequers_serial_rivers_micro_c, uniq_josephine, uniq_nessos
Slime:1:  layout_caves

Skill      XL: |  1  2  3  4  5  6  7  8  9 10 11 12 13 14 15 |
---------------+----------------------------------------------+-----
Transmutations | 1 2 4 5 6 |  6.5
Dodging        | 2 |  2.3
Stealth        | 2 3 5 6 7 |  7.0
Fighting       | 1 4 6 7 8 9 10 11 | 11.6
Poison Magic   | 4 6 7 8 9 10 | 10.7
Long Blades    | 1 3 5 6 7 8 9 11 12 13 14 | 14.8
Shields        | 2 3 4 5 7 8 9 |  9.4
Conjurations   | 2 4 |  4.2
Air Magic      | 2 |  2.0
Spellcasting   | 3 4 |  4.7
Invocations    | 2 5 7 8 |  8.7
Armour         | 1 3 5 6 |  6.0

Action                   |  1- 3 |  4- 6 |  7- 9 | 10-12 | 13-15 || total
-------------------------+-------+-------+-------+-------+-------++-------
Melee: Hand axe          |    13 |    11 |       |       |       ||    24
       Punch             |     1 |     1 |     1 |       |       ||     3
       Double sword      |       |    59 |   160 |   539 |   883 ||  1641
       Tailslap          |       |     7 |    28 |   113 |   222 ||   370
       Scimitar          |       |       |       |     7 |       ||     7
Throw: Boomerang         |       |       |     1 |     1 |       ||     2
 Cast: Sting             |    52 |    40 |       |       |       ||    92
       Wereblood         |       |       |       |       |     1 ||     1
Evoke: Box of beasts     |       |       |       |     2 |       ||     2
       Wand              |       |       |       |    11 |     1 ||    12
  Use: Scroll            |     2 |     3 |     5 |    17 |     5 ||    32
       Potion            |       |       |       |     6 |     3 ||     9
 Stab: Sleeping          |     1 |     6 |     7 |    10 |    20 ||    44
       Distracted        |       |     1 |     3 |     3 |     5 ||    12
       Invisible         |       |       |       |       |     1 ||     1
Armor: Robe              |    11 |     8 |       |       |       ||    19
       Leather armour    |       |     7 |       |       |       ||     7
       Ring mail         |       |     7 |    59 |   136 |    44 ||   246
       Scale mail        |       |       |       |    35 |   175 ||   210
Dodge: Dodged            |    25 |    47 |    62 |   197 |   161 ||   492
Block: Buckler           |       |       |    35 |   301 |       ||   336
       Reflection        |       |       |       |    12 |     9 ||    21
       Kite shield       |       |       |       |    23 |   839 ||   862
